 Dungeon Crawl Stone Soup version 0.30-a0-852-g08b95dd62f (webtiles) character file.

Game seed: 11916632119702623175

3224 greenreed the Ogre Mage (level 9, -6/80 HPs)
             Began as an Ogre Conjurer on Mar 4, 2023.
             Was a Follower of Vehumet.
             Mangled by an orc knight
             ... wielding a +0 war axe
              (11 damage)
             ... in a bailey.
             The game lasted 00:20:25 (7822 turns).

greenreed the Ogre Mage (Ogre Conjurer)             Turns: 7822, Time: 00:20:26

Health: -6/80      AC:  4    Str: 13    XL:     9   Next: 98%
Magic:  8/23       EV: 10    Int: 29    God:    Vehumet [*.....]
Gold:   275        SH:  0    Dex:  7    Spells: 25/28 levels left

rFire   . . .      SeeInvis .    (no weapon)
rCold   . . .      Faith    .    (no shield)
rNeg    . . .      Spirit   .    a - +0 robe
rPois   .          Reflect  .    (helmet restricted)
rElec   .          Rampage  .    l - +0 cloak
rCorr   +                        (gloves unavailable)
Will    .....                    (boots unavailable)
Stlth   +                        (no amulet)
HPRegen 0.33/turn                D - ring of resist corrosion
MPRegen 0.18/turn                E - +6 ring of intelligence

@: no status effects
A: large, unfitting armour, tough skin 1
a: Renounce Religion


You were in a bailey.
You worshipped Vehumet.
Vehumet was aware of your devotion.
You visited 2 branches of the dungeon, and saw 8 of its levels.
You also visited: Bailey.

You collected 374 gold pieces.
You spent 99 gold pieces at shops.

Inventory:

Hand Weapons
 y - a +2 sling of flaming
Missiles
 n - 3 throwing nets
Armour
 a - a +0 robe (worn)
 l - a +0 cloak (worn)
Magical Staves
 G - a staff of cold
Jewellery
 A - a ring of ice
 D - a ring of resist corrosion (left hand)
 E - a +6 ring of intelligence (right hand)
Wands
 r - a wand of iceblast (2)
 t - a wand of polymorph (12)
 w - a wand of paralysis (15)
 F - a wand of light (5)
Scrolls
 c - 5 scrolls of vulnerability
 d - 3 scrolls of fog
 e - a scroll of enchant weapon {unknown}
 h - 2 scrolls of teleportation {unknown}
 j - a scroll of brand weapon
 m - 2 scrolls of silence {unknown}
 o - a scroll of summoning {unknown}
 v - a scroll of fear {unknown}
 x - 2 scrolls of immolation
 B - a scroll of torment {unknown}
 H - a scroll of magic mapping {unknown}
Potions
 b - 4 potions of magic
 f - a potion of resistance {unknown}
 g - a potion of invisibility {unknown}
 i - a potion of brilliance {unknown}
 k - 5 potions of curing {unknown}
 p - a potion of mutation {unknown}
 q - 2 potions of degeneration {unknown}
 s - 2 potions of attraction {unknown}
 u - 2 potions of ambrosia {unknown}
 z - 3 potions of flight
 C - 2 potions of might {unknown}


   Skills:
 + Level 2.5 Fighting
 + Level 3.4 Dodging
 - Level 1.4 Stealth
 * Level 10.3 Spellcasting
 * Level 9.3 Conjurations


You had 25 spell levels left.
You knew the following spells:

 Your Spells              Type           Power      Damage    Failure   Level
a - Magic Dart            Conj           100%       1d8       1%          1
b - Searing Ray           Conj           100%       2d8       1%          2

Your spell library contained the following spells:

 Spells                   Type           Power      Damage    Failure   Level
 Freeze                   Ice            56%        1d7       3%          1
 Momentum Strike          Conj/Tloc      84%        3d10      1%          2
 Dazzling Flash           Conj/Hex       84%        N/A       1%          3
 Sting                    Tmut/Pois      56%        1d5       3%          1
 Blink                    Tloc           28%        N/A       5%          2
 Lesser Beckoning         Tloc           28%        N/A       5%          2
 Poisonous Vapours        Pois/Air       28%        N/A       5%          2
 Fulminant Prism          Conj/Hex       21%        3d12      5%          4
 Iskenderun's Mystic Bla  Conj/Tloc      42%        2d10      5%          4
 Call Canine Familiar     Summ           14%        N/A       11%         3
 Portal Projectile        Hex/Tloc       28%        N/A       11%         3
 Vhi's Electric Charge    Tloc/Air       28%        N/A       11%         3
 Arcjolt                  Conj/Air       21%        1d31      14%         5
 Leda's Liquefaction      Hex/Erth       7%         N/A       36%         4
 Olgreb's Toxic Radiance  Pois           14%        N/A       36%         4
 Maxwell's Capacitive Co  Air            7%         ∞         100%        8


Dungeon Overview and Level Annotations

Branches:
Dungeon (7/15)             Temple (1/1) D:5          Bailey (1/1)

Altars:
Ashenzari
Cheibriados
Dithmenos
Elyvilon
Fedhas
Gozag
Hepliaklqana
Makhleb
Nemelex Xobeh
Okawaru
Qazlal
Ru
Sif Muna
Trog
Uskayaw
Vehumet
Wu Jian
Xom
Yredelemnul
Zin

Shops:
D:2 *   D:3 :   D:4 ([!?


Innate Abilities, Weirdness & Mutations

You are too large for most types of armour.
You have tough skin. (AC +1)


Message History

The goblin shouts!
The orc knight hits you with a +0 war axe!!
The searing ray hits the orc knight.
The orc knight is heavily wounded.
You finish channelling your searing ray.
The orc knight hits you but does no damage.
Casting: Searing Ray (safe; 1% risk of failure)
Confirm with . or Enter, or press ? or * to list all spells.
Aiming: Searing Ray (safe; 1% risk of failure)
Press: ? - help, Shift-Dir - straight line, f/p - orc knight
Aim: an orc knight, wielding a +0 war axe and wearing a +0 ring mail (heavily wounded, 79% to hit)
The searing ray hits the orc knight.
The orc knight is heavily wounded. (Press . to maintain the ray.)
The orc knight hits you with a +0 war axe!
The searing ray hits the orc knight!
The orc knight is severely wounded.
The searing ray hits the goblin!
You kill the goblin!
Vehumet accepts your kill.
You feel your power returning. The orc knight closely misses you.
The searing ray hits the orc knight!
The orc knight is severely wounded.
The orc knight hits you with a +0 war axe!
* * * LOW HITPOINT WARNING * * *
The searing ray hits the orc knight.
The orc knight is severely wounded.
You finish channelling your searing ray.
The orc knight hits you with a +0 war axe!
* * * LOW HITPOINT WARNING * * *
Casting: Searing Ray (safe; 1% risk of failure)
Confirm with . or Enter, or press ? or * to list all spells.
Aiming: Searing Ray (safe; 1% risk of failure)
Press: ? - help, Shift-Dir - straight line, f/p - orc knight
Aim: an orc knight, wielding a +0 war axe and wearing a +0 ring mail (severely wounded, 79% to hit)
The searing ray hits the orc knight.
The orc knight is almost dead. (Press . to maintain the ray.)
The orc knight hits you with a +0 war axe!
You die...

#≈≈≈≈≈# #≈≈≈≈≈###
#≈≈≈≈≈~.#
######.≈≈≈≈~.#
#......≈≈≈≈~.# +
###......S≈≈≈~.#..
#..............'..
#∩..∩..........'..
#@o..).).))....'..
###......≈≈≈≈~.#..
#......≈≈≈≈~.#++
######.≈≈≈≈~.#
#≈≈≈≈≈~.#
#≈≈≈≈≈### #≈≈≈≈≈#
#≈≈≈≈≈#


You could see an orc knight.

Vanquished Creatures
  Prince Ribbit (D:5)
  Sigmund (D:2)
  Eustachio (D:5)
  6 yaks (D:6)
  A water moccasin (D:7)
  2 sky beasts
  An ice beast (D:7)
  2 ogres (D:5)
  A phantom (D:6)
  3 bullfrogs
  4 scorpions
  A howler monkey (D:6)
  2 jellies
  A gnoll bouda (D:7)
  5 hounds
  Crazy Yiuf (D:2)
  2 iguanas (D:7)
  2 orc wizards (D:6)
  2 sleepcaps
  Natasha (thrice) (D:2)
  9 gnolls
  6 adders
  2 white imps
  2 ufetubi (D:6)
  A worm (D:2)
  3 dart slugs
  19 orcs
  4 endoplasms
  13 goblins
  6 hobgoblins
  13 jackals
  4 kobolds
  5 quokkas
  9 ball pythons
  7 bats
  4 rats
149 creatures vanquished.

Notes
Turn   | Place    | Note
-------+----------+-------------------------------------------
     0 | D:1      | greenreed the Ogre Conjurer began the quest for the Orb.
     0 | D:1      | Reached XP level 1. HP: 16/16 MP: 3/3
   319 | D:1      | Reached XP level 2. HP: 24/24 MP: 0/5
  1093 | D:2      | Noticed Natasha
  1101 | D:2      | Noticed a crimson imp
  1141 | D:1      | Learned a level 2 spell: Searing Ray
  1144 | D:2      | Killed Natasha
  1145 | D:2      | Reached XP level 3. HP: 31/31 MP: 2/7
  1237 | D:2      | Found Wejeamemo's General Store.
  1245 | D:2      | Bought a scroll of identify for 24 gold pieces
  1257 | D:2      | Reached skill level 3 in Spellcasting
  1320 | D:2      | Reached XP level 4. HP: 39/39 MP: 5/8
  1408 | D:2      | Noticed Sigmund
  1413 | D:2      | Killed Sigmund
  1414 | D:2      | Reached skill level 5 in Conjurations
  1414 | D:2      | Reached XP level 5. HP: 27/46 MP: 1/10
  1549 | D:2      | Found a runed translucent door.
  1550 | D:2      | Noticed Crazy Yiuf
  1600 | D:2      | Reached XP level 6. HP: 54/54 MP: 8/11
  1895 | D:2      | Noticed Natasha
  1899 | D:2      | Killed Natasha
  1911 | D:2      | Noticed Natasha
  1918 | D:2      | Killed Natasha
  1919 | D:2      | Reached skill level 4 in Spellcasting
  2164 | D:2      | Killed Crazy Yiuf
  2945 | D:3      | Found Puibrazy's Book Boutique.
  3009 | D:3      | Found a snail-covered altar of Cheibriados.
  3240 | D:4      | Found Bonadam's Magic Scroll Boutique.
  3313 | D:4      | Bought a scroll of noise for 12 gold pieces
  3313 | D:4      | Bought a scroll of identify for 24 gold pieces
  3359 | D:4      | Reached skill level 1 in Fighting
  3359 | D:4      | Reached XP level 7. HP: 62/62 MP: 5/14
  3475 | D:4      | Reached skill level 5 in Spellcasting
  3957 | D:4      | Found an opulent altar of Gozag.
  4048 | D:4      | Found Qiax's Distillery.
  4056 | D:4      | Bought a potion of flight for 39 gold pieces
  4123 | D:4      | Found Umuba's Armour Shop.
  4376 | D:4      | Found Kukajav's Antique Weapon Emporium.
  4587 | D:5      | Entered Level 5 of the Dungeon
  4614 | D:5      | Found a white marble altar of Elyvilon.
  4737 | D:5      | Reached skill level 6 in Spellcasting
  4925 | D:5      | Found a shimmering altar of Xom.
  5144 | D:5      | Noticed Prince Ribbit
  5155 | D:5      | Killed Prince Ribbit
  5156 | D:5      | Reached XP level 8. HP: 70/70 MP: 8/18
  5309 | D:5      | Noticed Eustachio
  5323 | D:5      | Killed Eustachio
  5324 | D:5      | Reached skill level 7 in Spellcasting
  5625 | D:5      | Found a staircase to the Ecumenical Temple.
  5634 | Temple   | Entered the Ecumenical Temple
  5710 | Temple   | Became a worshipper of Vehumet
  6250 | D:6      | Found a hide-covered altar of Uskayaw.
  6648 | D:6      | Reached skill level 8 in Spellcasting
  7048 | D:6      | Noticed a yak
  7048 | D:6      | Noticed a yak
  7048 | D:6      | Noticed a yak
  7048 | D:6      | Noticed a yak
  7053 | D:6      | Noticed a yak
  7054 | D:6      | Noticed a yak
  7058 | D:6      | Killed a yak
  7059 | D:6      | Reached XP level 9. HP: 70/79 MP: 13/21
  7063 | D:6      | Reached skill level 9 in Spellcasting
  7228 | D:6      | Found a shadowy altar of Dithmenos.
  7321 | D:7      | Found a shimmering blue altar of Sif Muna.
  7412 | D:7      | Reached * piety under Vehumet
  7412 | D:7      | Offered knowledge of Freeze by Vehumet.
  7457 | D:7      | Reached skill level 10 in Spellcasting
  7522 | D:7      | Found a flagged portal.
  7551 | Bailey   | Entered a bailey
  7755 | Bailey   | Noticed an orc knight
  7822 | Bailey   | Mangled by an orc knight

Illustrated notes

Levels and vault maps discovered:
D:1:      minmay_arrival_cross, layout_loops_ring
D:2:      layout_basic, serial_shops, nicolae_shop_crystal,
          uniq_crazy_yiuf_cottage, uniq_natasha, uniq_sigmund
D:3:      layout_loops_ring, mainiacjoe_overflow_cross_hatched, serial_shops,
          nicolae_lakefront_shop
D:4:      layout_gridville, nicolae_gozag_cash_rules_everything_around_me,
          serial_shops, shop_statue, nicolae_shop_hallway_stairs,
          nicolae_shop_stone, nicolae_stop_n_shop_1, minmay_between
D:5:      layout_cave_pods, xom_butterflies,
          mainiacjoe_overflow_concentric_impassable, lemuel_temple_firewalk_b,
          chequers_garden, uniq_prince_ribbit1, uniq_eustachio
D:6:      layout_loops_ring, lemuel_doored_altar, eat_drink_and_be_merry_uskayaw
D:7:      layout_basic, nicolae_sif_muna_condensation, enter_bailey_4,
          chequers_serial_rivers_small_3, uniq_duvessa
Temple:   nicolae_temple_bog_church
Bailey:   bailey_axe_of_yendor_kennysheep, bailey

Skill      XL: |  1  2  3  4  5  6  7  8  9 |
---------------+----------------------------+-----
Conjurations   | 4 5 6 7 8 9 |  9.3
Dodging        | 2 3 |  3.4
Spellcasting   | 3 4 6 8 10 | 10.3
Fighting       | 1 2 |  2.5
Stealth        | |  1.4

Action                     |  1- 3 |  4- 6 |  7- 9 || total
---------------------------+-------+-------+-------++-------
  Melee: Unarmed           |    26 |       |       ||    26
         Staff             |       |       |     8 ||     8
   Fire: Sling             |       |       |     4 ||     4
   Cast: Magic Dart        |    45 |    75 |   131 ||   251
         Searing Ray       |     2 |    11 |    47 ||    60
  Evoke: Wand              |       |       |     4 ||     4
    Use: Scroll            |     2 |     1 |     1 ||     4
 Armour: Robe              |    27 |     1 |    25 ||    53
  Dodge: Dodged            |    27 |     6 |    45 ||    78

Table legend: (Time is in decaauts)
 A = Elapsed time spent in this place.
 B = Non-inter-level travel time spent in this place.
 C = Inter-level travel time spent in this place.
 D = Time resting spent in this place.
 E = Time spent auto-exploring this place.
 F = Levels seen in this place.
 G = Mean time per level.
                   A        B        C        D        E       F      G
               +--------+--------+--------+--------+--------+-----+--------+
         Total |   7822 |   7604 |    218 |    323 |   6399 |   9 |  869.1 |
       Dungeon |   7454 |   7263 |    191 |    218 |   6227 |   7 | 1064.9 |
        Temple |     96 |     69 |     27 |      0 |     56 |   1 |   96.0 |
        Bailey |    271 |    271 |      0 |    105 |    116 |   1 |  271.0 |
               +--------+--------+--------+--------+--------+-----+--------+

Top non-repeatable levels by time:
     D:5: 1398 daAuts
     D:4: 1358 daAuts
     D:6: 1213 daAuts
     D:2: 1183 daAuts
     D:1: 1110 daAuts
     D:3: 933 daAuts
  Bailey: 271 daAuts
     D:7: 255 daAuts
  Temple: 96 daAuts
